Influenza vs Carnivores
Created - March 18, 2019 at 20:02
Goals
|
| Influenza |
3 |
0 |
3 |
6 |
| Carnivores |
1 |
1 |
2 |
4 |
|
Shots
|
| Influenza |
11 |
8 |
12 |
31 |
| Carnivores |
13 |
9 |
9 |
31 |
|
1st period
1. Influenza , Anthony Mantha 13 (Jake Guentzel 24, Andre Burakovsky 38) at 13:21
2. Influenza , Jimmy Vesey 32 (Iiro Pakarinen 26, Charlie Coyle 51) at 13:37
3. Influenza , Justin Bailey 6 (Lucas Lessio 5) at 18:57
4. Carnivores , Nikita Alexeev 26 (David Fischer 22, Ryan Pulock 8) at 19:21
Penalties :
No Penalty
2nd period
5. Carnivores , Markus Granlund 17 (David Fischer 23, Nikita Alexeev 30) at 19:20
Penalties :
Lucas Lessio (VJB) for Interference (Minor) at 6:11, Paul Ladue (VJB) for Roughing (Minor) at 13:35
3rd period
6. Influenza , Calvin de Haan 8 (Jake Guentzel 25) at 4:59 (PP)
7. Influenza , Jimmy Vesey 33 (Calvin de Haan 52) at 8:10
8. Carnivores , David Fischer 3 (David Schlemko 18, Anders Lindback) at 16:52 (SH)
9. Carnivores , Nikita Alexeev 27 (Mat Clark 17, Anton Gustafsson 23) at 18:57
10. Influenza , Jimmy Vesey 34 (Charlie Coyle 52, Anthony Mantha 9) at 19:23 (Empty Net)
Penalties :
Markus Granlund (Bre) for High sticking (Minor) at 4:48, Anton Gustafsson (Bre) for Interference (Minor) at 15:58, Andre Burakovsky (VJB) for Goalie Interference (Minor) at 19:44
Goalie Stats
Jeremy Duchesne (VJB), 27 saves from 31 shots - (0.871), W, 32-13-2, 60:00 minutes
Anders Lindback (Bre), 25 saves from 30 shots - (0.833), L, 22-19-2, 59:38 minutes
Players Stats for Influenza
Player Name G A P +/- PIM S H SB GA TA FO MP PP MP PK MP
------------------------------------------------------------------------------------
Andre Burakovsky 0 1 1 0 2 1 2 0 1 0 1/1 14:26 0:48 0:00
Anthony Mantha 1 1 2 1 0 1 2 0 0 0 0/0 17:24 0:48 2:07
Calvin de Haan 1 1 2 1 0 2 3 2 0 1 0/0 26:24 1:23 2:41
Charlie Coyle 0 2 2 1 0 3 1 0 1 0 18/32 20:57 0:48 2:07
Dmitry Sinitsyn 0 0 0 1 0 1 0 1 0 0 0/0 15:05 0:00 0:00
Iiro Pakarinen 0 1 1 0 0 1 2 0 0 0 0/2 19:47 1:22 0:42
Jake Guentzel 0 2 2 0 0 1 3 0 0 0 7/15 15:20 1:22 0:00
Jimmy Vesey 3 0 3 2 0 5 0 1 0 0 0/0 19:23 1:22 0:00
Johan Larsson 0 0 0 -1 0 0 0 0 0 0 0/0 9:32 0:00 0:41
Justin Bailey 1 0 1 1 0 2 0 0 1 1 0/0 12:31 0:00 0:00
Lucas Lessio 0 1 1 1 2 2 1 0 1 0 0/0 13:19 0:00 0:43
Mark Olver 0 0 0 -1 0 2 0 1 0 0 1/1 10:31 0:00 1:40
Mathieu Carle 0 0 0 1 0 3 4 1 0 0 0/0 26:25 1:23 2:21
Nikita Zadorov 0 0 0 1 0 0 0 1 0 2 0/0 16:02 0:00 0:46
Paul Ladue 0 0 0 -1 2 2 0 0 0 0 0/0 17:55 0:47 0:46
Tim Erixon 0 0 0 -1 0 1 0 0 0 0 0/0 18:35 0:47 1:52
Tom Kuhnhackl 0 0 0 -1 0 2 2 1 0 0 0/0 8:48 0:00 0:00
Zac Dalpe 0 0 0 0 0 2 0 0 0 0 4/8 13:20 0:00 0:26
Players Stats for Carnivores
Player Name G A P +/- PIM S H SB GA TA FO MP PP MP PK MP
------------------------------------------------------------------------------------
Anton Gustafsson 0 1 1 -1 2 3 3 1 0 0 11/21 18:30 1:46 0:11
Blake Geoffrion 0 0 0 0 0 2 3 1 1 0 0/1 18:45 2:27 0:00
Curtis Lazar 0 0 0 1 0 0 1 1 0 0 0/0 10:01 0:01 0:00
David Fischer 1 2 3 0 0 3 3 0 0 0 0/0 27:53 2:48 1:35
David Schlemko 0 1 1 0 0 1 0 2 0 0 0/0 14:08 0:00 1:35
Elias Lindholm 0 0 0 -1 0 0 1 0 0 0 3/4 10:57 0:00 0:00
Hunter Shinkaruk 0 0 0 1 0 1 2 0 0 0 0/0 10:26 0:00 0:27
Jeremy Welsh 0 0 0 -1 0 4 1 0 1 0 0/2 18:09 1:46 0:00
Jeremy Williams 0 0 0 -1 0 1 0 0 0 0 0/0 12:30 1:46 0:00
Mark McNeill 0 0 0 0 0 1 2 0 0 1 2/5 17:27 0:00 1:17
Markus Granlund 1 0 1 0 2 1 2 0 0 0 8/20 19:24 2:26 0:42
Mat Clark 0 1 1 0 0 0 2 0 0 0 0/0 19:45 1:25 0:35
Mattias Backman 0 0 0 1 0 0 0 0 0 0 0/0 5:18 0:00 0:00
Nicolas Kerdiles 0 0 0 -1 0 2 1 0 0 0 0/0 12:40 0:00 1:43
Nikita Alexeev 2 1 3 -1 0 8 2 0 0 1 2/2 19:11 2:27 0:00
Ryan Pulock 0 1 1 -2 0 1 0 0 0 1 0/0 22:02 2:48 0:00
Sasha Pokulok 0 0 0 0 0 1 1 1 1 0 0/0 17:44 0:00 0:35
T.J Brodie 0 0 0 -1 0 1 0 0 1 1 0/0 13:10 1:25 0:00
Zack Smith 0 0 0 0 0 1 2 2 0 0 2/4 9:48 0:00 0:00
3 Stars
1 - Jimmy Vesey (VJB)
2 - Calvin de Haan (VJB)
3 - Nikita Alexeev (Bre)
Power Play
Influenza - 1 on 2 Attempt(s) - 50.00%
Carnivores - 0 on 3 Attempt(s) - 0.00%
Penalty Kill
Influenza - 3 on 3 Attempt(s) - 100.00%
- Score 0 goal in Penalty Kill
Carnivores - 1 on 2 Attempt(s) - 50.00%
- Score 1 goal in Penalty Kill
Team Stat
Influenza - Hits : 20 - Faceoff Wins : 31 - Blocked Shots : 8 - Penalty Minutes : 6
Carnivores - Hits : 26 - Faceoff Wins : 28 - Blocked Shots : 8 - Penalty Minutes : 4
Official
Referees : Unknown
Linesman : Unknown
Game Notes
Jimmy Vesey has scored a Hat Trick!
Jimmy Vesey has scored in a empty net!
Finance
Level 1 -- Attendance: 1435 (71.75%) -- Ticket Income $57,400
Level 2 -- Attendance: 682 (68.20%) -- Ticket Income $13,640
Total Attendance: 2117 (70.57%)
Total Ticket Income: $71,040
Other Income: $3,552
Total Income: $74,592
Influenza
5 vs 5 Forward
Center Left Wing Right Wing Time % Phy DF OF
1 Charlie Coyle Jimmy Vesey Iiro Pakarinen 40 1 2 2
2 Jake Guentzel Andre Burakovsky Anthony Mantha 30 1 2 2
3 Zac Dalpe Lucas Lessio Justin Bailey 20 1 2 2
4 Mark Olver Johan Larsson Tom Kuhnhackl 10 1 2 2
5 vs 5 Defense
Defense Defense Time % Phy DF OF
1 Calvin de Haan Mathieu Carle 40 1 2 2
2 Paul Ladue Tim Erixon 30 1 2 2
3 Nikita Zadorov Dmitry Sinitsyn 20 1 2 2
4 Calvin de Haan Mathieu Carle 10 1 2 2
PowerPlay Forward
Center Left Wing Right Wing Time % Phy DF OF
1 Jake Guentzel Jimmy Vesey Iiro Pakarinen 60 1 2 2
2 Charlie Coyle Andre Burakovsky Anthony Mantha 40 1 2 2
PowerPlay Defense
Defense Defense Time % Phy DF OF
1 Calvin de Haan Mathieu Carle 60 1 2 2
2 Paul Ladue Tim Erixon 40 1 2 2
Penalty Kill 4 Players Forward
Center Wing Time % Phy DF OF
1 Charlie Coyle Anthony Mantha 60 1 2 2
2 Mark Olver Iiro Pakarinen 40 1 2 2
Penalty Kill 4 Players Defense
Defense Defense Time % Phy DF OF
1 Calvin de Haan Mathieu Carle 60 1 2 2
2 Paul Ladue Tim Erixon 40 1 2 2
Penalty Kill - 3 Players Forward
Forward Time % Phy DF OF
1 Charlie Coyle 60 1 2 2
2 Mark Olver 40 1 2 2
Penalty Kill - 3 Players Defense
Defense Defense Time % Phy DF OF
1 Mathieu Carle Calvin de Haan 60 1 2 2
2 Paul Ladue Tim Erixon 40 1 2 2
4 vs 4 Forward
Center Wing Time % Phy DF OF
1 Charlie Coyle Jimmy Vesey 60 1 2 2
2 Mark Olver Iiro Pakarinen 40 1 2 2
4 vs 4 Defense
Defense Defense Time % Phy DF OF
1 Calvin de Haan Mathieu Carle 60 1 2 2
2 Paul Ladue Tim Erixon 40 1 2 2
Last Minutes Offensive
Center Left Wing Right Wing Defense Defense
Charlie Coyle Jimmy Vesey Iiro Pakarinen Calvin de Haan Mathieu Carle
Last Minutes Defensive
Center Left Wing Right Wing Defense Defense
Charlie Coyle Jimmy Vesey Anthony Mantha Calvin de Haan Mathieu Carle
Goaltenders
Starting : Jeremy Duchesne
Backup : Tyson Sexsmith
Extra Forwards
Normal : Anthony Mantha, Jake Guentzel, Zac Dalpe - PP : Justin Bailey, Anthony Mantha - PK : Mark Olver
Extra Defensemen
Normal : Paul Ladue, Calvin de Haan, Nikita Zadorov - PP : Dmitry Sinitsyn - PK : Paul Ladue, Nikita Zadorov
Penalty Shots
Andre Burakovsky, Calvin de Haan, Zac Dalpe, Jake Guentzel, Mark Olver
Scratches
Jacob Josefson (Healthy), Jordan Schroeder (Healthy), Shane Prince (Healthy), Jamie Devane (Healthy), Jeff Corbett (Healthy)
Henri Ikonen (Healthy), Fredric Larsson (Healthy), Rocco Grimaldi (Healthy), Josh Andrerson (Healthy), Jesse Graham (Healthy)
Luca Sbisa (Healthy), Jamie Phillips (Healthy)
Carnivores
5 vs 5 Forward
Center Left Wing Right Wing Time % Phy DF OF
1 Markus Granlund Blake Geoffrion Nikita Alexeev 35 1 2 2
2 Anton Gustafsson Jeremy Welsh Mark McNeill 35 1 2 2
3 Elias Lindholm Nicolas Kerdiles Jeremy Williams 20 1 2 2
4 Zack Smith Hunter Shinkaruk Curtis Lazar 10 1 2 2
5 vs 5 Defense
Defense Defense Time % Phy DF OF
1 David Fischer Ryan Pulock 40 1 2 2
2 Sasha Pokulok Mat Clark 30 1 2 2
3 T.J Brodie David Schlemko 20 1 2 2
4 David Fischer Mattias Backman 10 1 2 2
PowerPlay Forward
Center Left Wing Right Wing Time % Phy DF OF
1 Markus Granlund Blake Geoffrion Nikita Alexeev 60 1 1 3
2 Anton Gustafsson Jeremy Welsh Jeremy Williams 40 1 1 3
PowerPlay Defense
Defense Defense Time % Phy DF OF
1 David Fischer Ryan Pulock 60 1 1 3
2 T.J Brodie Mat Clark 40 1 1 3
Penalty Kill 4 Players Forward
Center Wing Time % Phy DF OF
1 Anton Gustafsson Nicolas Kerdiles 60 1 2 2
2 Zack Smith Mark McNeill 40 1 2 2
Penalty Kill 4 Players Defense
Defense Defense Time % Phy DF OF
1 David Fischer David Schlemko 60 1 2 2
2 Sasha Pokulok Mat Clark 40 1 2 2
Penalty Kill - 3 Players Forward
Forward Time % Phy DF OF
1 Anton Gustafsson 60 1 2 2
2 Mark McNeill 40 1 2 2
Penalty Kill - 3 Players Defense
Defense Defense Time % Phy DF OF
1 David Fischer David Schlemko 60 1 2 2
2 Sasha Pokulok Mat Clark 40 1 2 2
4 vs 4 Forward
Center Wing Time % Phy DF OF
1 Markus Granlund Nicolas Kerdiles 60 1 2 2
2 Anton Gustafsson Nikita Alexeev 40 1 2 2
4 vs 4 Defense
Defense Defense Time % Phy DF OF
1 David Fischer Ryan Pulock 60 1 2 2
2 Sasha Pokulok Mat Clark 40 1 2 2
Last Minutes Offensive
Center Left Wing Right Wing Defense Defense
Anton Gustafsson Jeremy Welsh Nikita Alexeev Ryan Pulock David Fischer
Last Minutes Defensive
Center Left Wing Right Wing Defense Defense
Anton Gustafsson Nicolas Kerdiles Blake Geoffrion David Schlemko David Fischer
Goaltenders
Starting : Anders Lindback
Backup : Niklas Svedberg
Extra Forwards
Normal : Curtis Lazar, Elias Lindholm, Nicolas Kerdiles - PP : Curtis Lazar, Nicolas Kerdiles - PK : Mark McNeill
Extra Defensemen
Normal : Ryan Pulock, Mat Clark, Mattias Backman - PP : David Fischer - PK : David Schlemko, T.J Brodie
Penalty Shots
Curtis Lazar, Blake Geoffrion, Anton Gustafsson, Elias Lindholm, Zack Smith
Scratches
Adam Almquist (Healthy), Stanislav Galiev (Healthy), Mark MacMillan (Healthy), Tyler Graovac (Healthy), Troy Bourke (Healthy)
Alexandre Mallet (Healthy), Michael Schumacher (Healthy)
% Time on Ice - Influenza
Lines # - Real PCT - Wanted PCT - Time Play
Normal Forward
1 - 34% - 40% - 18:05
2 - 26% - 30% - 13:47
3 - 24% - 20% - 12:31
4 - 17% - 10% - 8:48
Normal Defense
1 - 37% - 40% - 19:43
2 - 30% - 30% - 15:56
3 - 28% - 20% - 15:05
4 - 5% - 10% - 2:27
PP Forward
1 - 63% - 60% - 1:22
2 - 37% - 40% - 0:48
PP Defense
1 - 64% - 60% - 1:23
2 - 36% - 40% - 0:47
PK Forward
1 - 83% - 60% - 3:31
2 - 17% - 40% - 0:42
PK Defense
1 - 56% - 60% - 2:21
2 - 44% - 40% - 1:52
PK3 Forward
1 - 0% - 60%
2 - 0% - 40%
PK3 Defense
1 - 0% - 60%
2 - 0% - 40%
44 Forward
1 - 0% - 60%
2 - 0% - 40%
44 Defense
1 - 0% - 60%
2 - 0% - 40%
Last Minute Offensive - 0:00
Last Minute Defensive - 0:26
Total
Forward - 60:00
Defense - 60:00
|
% Time on Ice - Carnivores
Lines # - Real PCT - Wanted PCT - Time Play
Normal Forward
1 - 31% - 35% - 16:29
2 - 30% - 35% - 15:57
3 - 21% - 20% - 10:57
4 - 18% - 10% - 9:48
Normal Defense
1 - 36% - 40% - 18:59
2 - 33% - 30% - 17:45
3 - 21% - 20% - 11:09
4 - 10% - 10% - 5:18
PP Forward
1 - 58% - 60% - 2:27
2 - 42% - 40% - 1:46
PP Defense
1 - 66% - 60% - 2:48
2 - 34% - 40% - 1:25
PK Forward
1 - 100% - 60% - 2:10
2 - 0% - 40% - 0:00
PK Defense
1 - 73% - 60% - 1:35
2 - 27% - 40% - 0:35
PK3 Forward
1 - 0% - 60%
2 - 0% - 40%
PK3 Defense
1 - 0% - 60%
2 - 0% - 40%
44 Forward
1 - 0% - 60%
2 - 0% - 40%
44 Defense
1 - 0% - 60%
2 - 0% - 40%
Last Minute Offensive - 0:26
Last Minute Defensive - 0:00
Total
Forward - 60:00
Defense - 60:00
|
Play-by-Play
1st period
0:01 of 1st period - Markus Granlund wins face-off versus Iiro Pakarinen in neutral zone.
0:12 of 1st period - Slapshot by Nikita Alexeev.
0:12 of 1st period - Stopped by Jeremy Duchesne without a rebound.
0:13 of 1st period - Anton Gustafsson wins face-off versus Jake Guentzel in Influenza zone.
0:20 of 1st period - Wrist shot by Jeremy Welsh.
0:20 of 1st period - Deflect By Anton Gustafsson.
0:20 of 1st period - Shot Misses the Net.
0:20 of 1st period - Puck is out of play.
0:21 of 1st period - Anton Gustafsson wins face-off versus Jake Guentzel in Influenza zone.
0:32 of 1st period - Slapshot by Anton Gustafsson.
0:32 of 1st period - Deflect By Jeremy Welsh.
0:32 of 1st period - Shot Misses the Net.
0:32 of 1st period - Puck is out of play.
0:33 of 1st period - Zac Dalpe wins face-off versus Elias Lindholm in Influenza zone.
0:46 of 1st period - Slapshot by Nicolas Kerdiles.
0:46 of 1st period - Stopped by Jeremy Duchesne with a rebound.
0:48 of 1st period - Slapshot by David Schlemko.
0:48 of 1st period - Stopped by Jeremy Duchesne without a rebound.
0:49 of 1st period - Zack Smith wins face-off versus Charlie Coyle in Influenza zone.
1:08 of 1st period - Calvin de Haan is hit by Hunter Shinkaruk and loses puck.
1:49 of 1st period - Snap shot by Jeremy Welsh.
1:49 of 1st period - Stopped by Jeremy Duchesne with a rebound.
2:11 of 1st period - Slapshot by Nicolas Kerdiles.
2:11 of 1st period - Stopped by Jeremy Duchesne with a rebound.
2:20 of 1st period - Icing by Tim Erixon.
2:21 of 1st period - Zac Dalpe wins face-off versus Markus Granlund in Influenza zone.
2:25 of 1st period - Off-side.
2:26 of 1st period - Nikita Alexeev wins face-off versus Charlie Coyle in neutral zone.
2:30 of 1st period - Off-side.
2:31 of 1st period - Anton Gustafsson wins face-off versus Charlie Coyle in neutral zone.
2:34 of 1st period - Snap shot by Anton Gustafsson.
2:34 of 1st period - Shot Blocked by Nikita Zadorov.
2:36 of 1st period - Snap shot by Mark McNeill.
2:36 of 1st period - Deflect By Anton Gustafsson.
2:36 of 1st period - Shot Blocked by Jimmy Vesey.
2:36 of 1st period - Puck is out of play.
2:37 of 1st period - Charlie Coyle wins face-off versus Anton Gustafsson in Influenza zone.
3:02 of 1st period - David Fischer is hit by Tom Kuhnhackl and loses puck.
3:15 of 1st period - Wrist shot by Mark McNeill.
3:15 of 1st period - Stopped by Jeremy Duchesne with a rebound.
3:37 of 1st period - Markus Granlund is hit by Jake Guentzel and loses puck.
3:47 of 1st period - Icing by Blake Geoffrion.
3:48 of 1st period - Elias Lindholm wins face-off versus Zac Dalpe in Carnivores zone.
4:37 of 1st period - Wrist shot by Andre Burakovsky.
4:37 of 1st period - Stopped by Anders Lindback without a rebound.
4:38 of 1st period - Andre Burakovsky wins face-off versus Zack Smith in Carnivores zone.
4:41 of 1st period - Snap shot by Jake Guentzel.
4:41 of 1st period - Shot Misses the Net.
4:43 of 1st period - Snap shot by Calvin de Haan.
4:43 of 1st period - Shot Misses the Net.
4:45 of 1st period - Slapshot by Calvin de Haan.
4:45 of 1st period - Shot Misses the Net.
4:47 of 1st period - Slapshot by Mathieu Carle.
4:47 of 1st period - Shot Blocked by Zack Smith.
4:49 of 1st period - Slapshot by Mathieu Carle.
4:49 of 1st period - Shot Misses the Net.
4:51 of 1st period - Snap shot by Mathieu Carle.
4:51 of 1st period - Stopped by Anders Lindback with a rebound.
4:53 of 1st period - Slapshot by Andre Burakovsky.
4:53 of 1st period - Shot Blocked by Sasha Pokulok.
5:03 of 1st period - Jimmy Vesey is hit by Sasha Pokulok.
6:13 of 1st period - Slapshot by Hunter Shinkaruk.
6:13 of 1st period - Stopped by Jeremy Duchesne with a rebound.
6:48 of 1st period - Off-side.
6:49 of 1st period - Anton Gustafsson wins face-off versus Zac Dalpe in neutral zone.
7:19 of 1st period - Slapshot by Nikita Alexeev.
7:19 of 1st period - Stopped by Jeremy Duchesne with a rebound.
7:57 of 1st period - Backhand shot by Jake Guentzel.
7:57 of 1st period - Shot Misses the Net.
8:45 of 1st period - Wrist shot by Blake Geoffrion.
8:45 of 1st period - Shot Misses the Net.
8:47 of 1st period - Wrist shot by Markus Granlund.
8:47 of 1st period - Shot Misses the Net.
9:33 of 1st period - Snap shot by Mark Olver.
9:33 of 1st period - Stopped by Anders Lindback without a rebound.
9:34 of 1st period - Charlie Coyle wins face-off versus Jeremy Welsh in Carnivores zone.
10:09 of 1st period - Snap shot by Blake Geoffrion.
10:09 of 1st period - Stopped by Jeremy Duchesne without a rebound.
10:10 of 1st period - Charlie Coyle wins face-off versus Markus Granlund in Influenza zone.
10:25 of 1st period - Snap shot by Nikita Alexeev.
10:25 of 1st period - Shot Misses the Net.
10:35 of 1st period - Anton Gustafsson is hit by Jake Guentzel and loses puck.
10:56 of 1st period - Nicolas Kerdiles is hit by Mathieu Carle and loses puck.
11:21 of 1st period - Slapshot by T.J Brodie.
11:21 of 1st period - Deflect By Dmitry Sinitsyn.
11:21 of 1st period - Stopped by Jeremy Duchesne without a rebound.
11:22 of 1st period - Charlie Coyle wins face-off versus Anton Gustafsson in Influenza zone.
11:28 of 1st period - Off-side.
11:29 of 1st period - Anton Gustafsson wins face-off versus Charlie Coyle in neutral zone.
12:36 of 1st period - Snap shot by Johan Larsson.
12:36 of 1st period - Shot Blocked by Zack Smith.
13:21 of 1st period - Wrist shot by Jake Guentzel.
13:21 of 1st period - Deflect By Anthony Mantha.
13:21 of 1st period - Goal by Anthony Mantha - Influenza : 1 - Carnivores : 0.
13:22 of 1st period - Charlie Coyle wins face-off versus Markus Granlund in neutral zone.
13:37 of 1st period - Snap shot by Jimmy Vesey.
13:37 of 1st period - Goal by Jimmy Vesey - Influenza : 2 - Carnivores : 0.
13:38 of 1st period - Charlie Coyle wins face-off versus Mark McNeill in neutral zone.
13:51 of 1st period - Wrist shot by Charlie Coyle.
13:51 of 1st period - Stopped by Anders Lindback without a rebound.
13:52 of 1st period - Jake Guentzel wins face-off versus Markus Granlund in Carnivores zone.
14:17 of 1st period - Mathieu Carle is hit by David Fischer and loses puck.
14:40 of 1st period - Wrist shot by Lucas Lessio.
14:40 of 1st period - Stopped by Anders Lindback without a rebound.
14:41 of 1st period - Zac Dalpe wins face-off versus Markus Granlund in Carnivores zone.
14:54 of 1st period - Wrist shot by Nikita Alexeev.
14:54 of 1st period - Shot Misses the Net.
14:56 of 1st period - Slapshot by David Fischer.
14:56 of 1st period - Stopped by Jeremy Duchesne with a rebound.
15:13 of 1st period - Snap shot by Jimmy Vesey.
15:13 of 1st period - Shot Misses the Net.
15:15 of 1st period - Slapshot by Iiro Pakarinen.
15:15 of 1st period - Stopped by Anders Lindback without a rebound.
15:16 of 1st period - Markus Granlund wins face-off versus Jake Guentzel in Carnivores zone.
15:45 of 1st period - Snap shot by Jimmy Vesey.
15:45 of 1st period - Shot Misses the Net.
15:47 of 1st period - Slapshot by Dmitry Sinitsyn.
15:47 of 1st period - Stopped by Anders Lindback with a rebound.
16:15 of 1st period - Snap shot by Zack Smith.
16:15 of 1st period - Shot Misses the Net.
16:48 of 1st period - Andre Burakovsky is hit by Nikita Alexeev and loses puck.
16:52 of 1st period - Icing by Paul Ladue.
16:53 of 1st period - Jake Guentzel wins face-off versus Markus Granlund in Influenza zone.
17:06 of 1st period - Wrist shot by Nikita Alexeev.
17:06 of 1st period - Shot Misses the Net.
17:23 of 1st period - Snap shot by Anton Gustafsson.
17:23 of 1st period - Shot Misses the Net.
17:27 of 1st period - Wrist shot by Jeremy Welsh.
17:27 of 1st period - Shot Blocked by Mathieu Carle.
17:37 of 1st period - David Fischer is hit by Mathieu Carle and loses puck.
18:04 of 1st period - Slapshot by Mathieu Carle.
18:04 of 1st period - Stopped by Anders Lindback without a rebound.
18:05 of 1st period - Anton Gustafsson wins face-off versus Charlie Coyle in Carnivores zone.
18:18 of 1st period - Jeremy Welsh is hit by Iiro Pakarinen.
18:30 of 1st period - Jake Guentzel is hit by Blake Geoffrion and loses puck.
18:57 of 1st period - Wrist shot by Justin Bailey.
18:57 of 1st period - Goal by Justin Bailey - Influenza : 3 - Carnivores : 0.
18:58 of 1st period - Charlie Coyle wins face-off versus Anton Gustafsson in neutral zone.
19:07 of 1st period - Wrist shot by Jimmy Vesey.
19:07 of 1st period - Shot Misses the Net.
19:11 of 1st period - Snap shot by Charlie Coyle.
19:11 of 1st period - Deflect By Jimmy Vesey.
19:11 of 1st period - Shot Blocked by Anton Gustafsson.
19:11 of 1st period - Puck is out of play.
19:12 of 1st period - Nikita Alexeev wins face-off versus Charlie Coyle in Carnivores zone.
19:17 of 1st period - Snap shot by Ryan Pulock.
19:17 of 1st period - Shot Blocked by Calvin de Haan.
19:21 of 1st period - Snap shot by Nikita Alexeev.
19:21 of 1st period - Goal by Nikita Alexeev - Influenza : 3 - Carnivores : 1.
19:22 of 1st period - Charlie Coyle wins face-off versus Anton Gustafsson in neutral zone.
19:47 of 1st period - Anton Gustafsson is hit by Calvin de Haan and loses puck.
19:56 of 1st period - Snap shot by Anton Gustafsson.
19:56 of 1st period - Stopped by Jeremy Duchesne without a rebound.
19:57 of 1st period - Markus Granlund wins face-off versus Charlie Coyle in Influenza zone.
Goals for this period are 3 for Influenza vs 1 for Carnivores.
Shots for this period are 11 for Influenza vs 13 for Carnivores.
2nd period
0:01 of 2nd period - Markus Granlund wins face-off versus Charlie Coyle in neutral zone.
0:27 of 2nd period - Off-side.
0:28 of 2nd period - Anton Gustafsson wins face-off versus Jake Guentzel in neutral zone.
1:00 of 2nd period - Slapshot by Mathieu Carle.
1:00 of 2nd period - Shot Misses the Net.
1:02 of 2nd period - Wrist shot by Charlie Coyle.
1:02 of 2nd period - Stopped by Anders Lindback with a rebound.
1:22 of 2nd period - David Fischer is hit by Mathieu Carle and loses puck.
2:05 of 2nd period - Snap shot by Anton Gustafsson.
2:05 of 2nd period - Stopped by Jeremy Duchesne with a rebound.
3:06 of 2nd period - Snap shot by Tom Kuhnhackl.
3:06 of 2nd period - Stopped by Anders Lindback with a rebound.
3:08 of 2nd period - Snap shot by Nikita Zadorov.
3:08 of 2nd period - Shot Blocked by David Schlemko.
3:10 of 2nd period - Slapshot by Mark Olver.
3:10 of 2nd period - Stopped by Anders Lindback with a rebound.
3:25 of 2nd period - Off-side.
3:26 of 2nd period - Markus Granlund wins face-off versus Jake Guentzel in neutral zone.
3:31 of 2nd period - Wrist shot by Blake Geoffrion.
3:31 of 2nd period - Stopped by Jeremy Duchesne without a rebound.
3:32 of 2nd period - Charlie Coyle wins face-off versus Markus Granlund in Influenza zone.
3:38 of 2nd period - Off-side.
3:39 of 2nd period - Charlie Coyle wins face-off versus Anton Gustafsson in neutral zone.
3:44 of 2nd period - Slapshot by Jimmy Vesey.
3:44 of 2nd period - Stopped by Anders Lindback without a rebound.
3:45 of 2nd period - Charlie Coyle wins face-off versus Anton Gustafsson in Carnivores zone.
4:15 of 2nd period - Backhand shot by Andre Burakovsky.
4:15 of 2nd period - Shot Misses the Net.
4:17 of 2nd period - Snap shot by Jake Guentzel.
4:17 of 2nd period - Stopped by Anders Lindback with a rebound.
4:35 of 2nd period - Snap shot by Jeremy Williams.
4:35 of 2nd period - Stopped by Jeremy Duchesne with a rebound.
5:02 of 2nd period - Wrist shot by Hunter Shinkaruk.
5:02 of 2nd period - Shot Blocked by Calvin de Haan.
5:13 of 2nd period - Off-side.
5:14 of 2nd period - Anton Gustafsson wins face-off versus Charlie Coyle in neutral zone.
5:21 of 2nd period - Wrist shot by Jeremy Welsh.
5:21 of 2nd period - Shot Misses the Net.
5:41 of 2nd period - Nikita Zadorov is hit by Mat Clark and loses puck.
5:50 of 2nd period - Snap shot by Nikita Alexeev.
5:50 of 2nd period - Stopped by Jeremy Duchesne with a rebound.
6:11 of 2nd period - Minor Penalty to Lucas Lessio for Interference.
6:12 of 2nd period - Charlie Coyle wins face-off versus Markus Granlund in Influenza zone.
6:12 of 2nd period - Charlie Coyle is hit by Markus Granlund.
6:21 of 2nd period - Calvin de Haan is hit by David Fischer and loses puck.
6:26 of 2nd period - Slapshot by Blake Geoffrion.
6:26 of 2nd period - Shot Misses the Net.
6:28 of 2nd period - Snap shot by Nikita Alexeev.
6:28 of 2nd period - Shot Misses the Net.
6:48 of 2nd period - Wrist shot by Jeremy Williams.
6:48 of 2nd period - Shot Misses the Net.
8:11 of 2nd period - Penalty to Lucas Lessio is over, Lucas Lessio is back on ice.
9:19 of 2nd period - Iiro Pakarinen is hit by Nicolas Kerdiles and loses puck.
9:32 of 2nd period - Dmitry Sinitsyn is hit by Zack Smith and loses puck.
9:45 of 2nd period - Anton Gustafsson is hit by Jake Guentzel and loses puck.
10:27 of 2nd period - Nikita Zadorov is hit by Curtis Lazar and loses puck.
10:50 of 2nd period - Nikita Zadorov is hit by Blake Geoffrion and loses puck.
11:18 of 2nd period - Off-side.
11:19 of 2nd period - Elias Lindholm wins face-off versus Zac Dalpe in neutral zone.
12:06 of 2nd period - David Schlemko is hit by Calvin de Haan and loses puck.
12:34 of 2nd period - Hunter Shinkaruk is hit by Anthony Mantha and loses puck.
12:57 of 2nd period - Slapshot by Lucas Lessio.
12:57 of 2nd period - Stopped by Anders Lindback with a rebound.
13:07 of 2nd period - Nikita Zadorov is hit by Nikita Alexeev and loses puck.
13:18 of 2nd period - Snap shot by Blake Geoffrion.
13:18 of 2nd period - Deflect By Nikita Alexeev.
13:18 of 2nd period - Stopped by Jeremy Duchesne with a rebound.
13:20 of 2nd period - Slapshot by Nikita Alexeev.
13:20 of 2nd period - Shot Misses the Net.
13:22 of 2nd period - Snap shot by Nikita Alexeev.
13:22 of 2nd period - Stopped by Jeremy Duchesne without a rebound.
13:23 of 2nd period - Charlie Coyle wins face-off versus Mark McNeill in Influenza zone.
13:35 of 2nd period - Minor Penalty to Paul Ladue for Roughing.
13:36 of 2nd period - Markus Granlund wins face-off versus Charlie Coyle in Influenza zone.
15:23 of 2nd period - Wrist shot by Lucas Lessio.
15:23 of 2nd period - Shot Misses the Net.
15:35 of 2nd period - Penalty to Paul Ladue is over, Paul Ladue is back on ice.
15:39 of 2nd period - Paul Ladue is hit by Blake Geoffrion.
15:45 of 2nd period - Wrist shot by Charlie Coyle.
15:45 of 2nd period - Stopped by Anders Lindback with a rebound.
16:45 of 2nd period - Markus Granlund is hit by Calvin de Haan and loses puck.
17:19 of 2nd period - Sasha Pokulok is hit by Tom Kuhnhackl and loses puck.
17:48 of 2nd period - Mark McNeill is hit by Lucas Lessio and loses puck.
18:01 of 2nd period - Snap shot by T.J Brodie.
18:01 of 2nd period - Shot Blocked by Mark Olver.
18:11 of 2nd period - Sasha Pokulok is hit by Anthony Mantha.
18:37 of 2nd period - Wrist shot by Zac Dalpe.
18:37 of 2nd period - Shot Misses the Net.
18:39 of 2nd period - Wrist shot by Mathieu Carle.
18:39 of 2nd period - Stopped by Anders Lindback without a rebound.
18:40 of 2nd period - Zac Dalpe wins face-off versus Markus Granlund in Carnivores zone.
18:47 of 2nd period - Slapshot by Mathieu Carle.
18:47 of 2nd period - Shot Misses the Net.
19:16 of 2nd period - Snap shot by Nikita Alexeev.
19:16 of 2nd period - Stopped by Jeremy Duchesne with a rebound.
19:18 of 2nd period - Slapshot by David Fischer.
19:18 of 2nd period - Stopped by Jeremy Duchesne with a rebound.
19:20 of 2nd period - Slapshot by Markus Granlund.
19:20 of 2nd period - Goal by Markus Granlund - Influenza : 3 - Carnivores : 2.
19:21 of 2nd period - Charlie Coyle wins face-off versus Anton Gustafsson in neutral zone.
19:26 of 2nd period - Backhand shot by Iiro Pakarinen.
19:26 of 2nd period - Shot Misses the Net.
19:50 of 2nd period - Off-side.
19:51 of 2nd period - Zack Smith wins face-off versus Jake Guentzel in neutral zone.
19:56 of 2nd period - Mathieu Carle is hit by Mat Clark and loses puck.
Goals for this period are 0 for Influenza vs 1 for Carnivores.
Shots for this period are 8 for Influenza vs 9 for Carnivores.
3rd period
0:01 of 3rd period - Mark McNeill wins face-off versus Iiro Pakarinen in neutral zone.
0:04 of 3rd period - Calvin de Haan is hit by Mark McNeill and loses puck.
1:14 of 3rd period - Icing by Zack Smith.
1:15 of 3rd period - Mark Olver wins face-off versus Zack Smith in Carnivores zone.
1:16 of 3rd period - Slapshot by Calvin de Haan.
1:16 of 3rd period - Stopped by Anders Lindback with a rebound.
1:30 of 3rd period - Snap shot by Zack Smith.
1:30 of 3rd period - Stopped by Jeremy Duchesne without a rebound.
1:31 of 3rd period - Charlie Coyle wins face-off versus Jeremy Welsh in Influenza zone.
1:31 of 3rd period - Charlie Coyle is hit by Anton Gustafsson.
1:38 of 3rd period - Calvin de Haan is hit by David Fischer and loses puck.
2:24 of 3rd period - Wrist shot by Zac Dalpe.
2:24 of 3rd period - Stopped by Anders Lindback with a rebound.
2:26 of 3rd period - Slapshot by Paul Ladue.
2:26 of 3rd period - Stopped by Anders Lindback with a rebound.
2:46 of 3rd period - Slapshot by Tom Kuhnhackl.
2:46 of 3rd period - Stopped by Anders Lindback with a rebound.
2:48 of 3rd period - Snap shot by Johan Larsson.
2:48 of 3rd period - Shot Blocked by Curtis Lazar.
3:08 of 3rd period - Snap shot by Jeremy Welsh.
3:08 of 3rd period - Stopped by Jeremy Duchesne without a rebound.
3:09 of 3rd period - Jake Guentzel wins face-off versus Markus Granlund in Influenza zone.
3:34 of 3rd period - Jimmy Vesey is hit by Anton Gustafsson.
3:42 of 3rd period - Snap shot by Jimmy Vesey.
3:42 of 3rd period - Shot Misses the Net.
3:44 of 3rd period - Slapshot by Paul Ladue.
3:44 of 3rd period - Stopped by Anders Lindback with a rebound.
4:14 of 3rd period - Tom Kuhnhackl is hit by Zack Smith and loses puck.
4:25 of 3rd period - Wrist shot by Sasha Pokulok.
4:25 of 3rd period - Stopped by Jeremy Duchesne with a rebound.
4:27 of 3rd period - Snap shot by Sasha Pokulok.
4:27 of 3rd period - Shot Blocked by Tom Kuhnhackl.
4:48 of 3rd period - Minor Penalty to Markus Granlund for High sticking.
4:49 of 3rd period - Anton Gustafsson wins face-off versus Jake Guentzel in Carnivores zone.
4:49 of 3rd period - Anton Gustafsson is hit by Iiro Pakarinen.
4:59 of 3rd period - Slapshot by Calvin de Haan.
4:59 of 3rd period - Goal by Calvin de Haan - Influenza : 4 - Carnivores : 2.
5:00 of 3rd period - Anton Gustafsson wins face-off versus Charlie Coyle in neutral zone.
5:03 of 3rd period - Slapshot by David Fischer.
5:03 of 3rd period - Shot Misses the Net.
5:47 of 3rd period - Backhand shot by Tim Erixon.
5:47 of 3rd period - Stopped by Anders Lindback with a rebound.
5:49 of 3rd period - Wrist shot by Zac Dalpe.
5:49 of 3rd period - Stopped by Anders Lindback with a rebound.
5:51 of 3rd period - Snap shot by Zac Dalpe.
5:51 of 3rd period - Shot Blocked by David Schlemko.
5:53 of 3rd period - Snap shot by Lucas Lessio.
5:53 of 3rd period - Shot Misses the Net.
5:55 of 3rd period - Slapshot by Lucas Lessio.
5:55 of 3rd period - Shot Misses the Net.
5:57 of 3rd period - Snap shot by Justin Bailey.
5:57 of 3rd period - Stopped by Anders Lindback without a rebound.
5:58 of 3rd period - Charlie Coyle wins face-off versus Anton Gustafsson in Carnivores zone.
6:12 of 3rd period - Icing by Jimmy Vesey.
6:13 of 3rd period - Charlie Coyle wins face-off versus Blake Geoffrion in Influenza zone.
6:44 of 3rd period - Markus Granlund is hit by Charlie Coyle and loses puck.
7:15 of 3rd period - Wrist shot by Jimmy Vesey.
7:15 of 3rd period - Stopped by Anders Lindback with a rebound.
8:10 of 3rd period - Snap shot by Jimmy Vesey.
8:10 of 3rd period - Goal by Jimmy Vesey - Influenza : 5 - Carnivores : 2.
8:11 of 3rd period - Jake Guentzel wins face-off versus Anton Gustafsson in neutral zone.
8:26 of 3rd period - Snap shot by Jeremy Welsh.
8:26 of 3rd period - Stopped by Jeremy Duchesne with a rebound.
9:28 of 3rd period - Wrist shot by Johan Larsson.
9:28 of 3rd period - Shot Misses the Net.
9:34 of 3rd period - Johan Larsson is hit by Anton Gustafsson and loses puck.
9:49 of 3rd period - Slapshot by Andre Burakovsky.
9:49 of 3rd period - Shot Misses the Net.
11:20 of 3rd period - Blake Geoffrion is hit by Mathieu Carle and loses puck.
12:17 of 3rd period - Icing by Markus Granlund.
12:18 of 3rd period - Markus Granlund wins face-off versus Charlie Coyle in Carnivores zone.
12:27 of 3rd period - Wrist shot by Anton Gustafsson.
12:27 of 3rd period - Stopped by Jeremy Duchesne without a rebound.
12:28 of 3rd period - Jake Guentzel wins face-off versus Anton Gustafsson in Influenza zone.
12:28 of 3rd period - Jake Guentzel is hit by Mark McNeill.
12:44 of 3rd period - Sasha Pokulok is hit by Andre Burakovsky and loses puck.
14:09 of 3rd period - Snap shot by Anton Gustafsson.
14:09 of 3rd period - Shot Hit the Post.
14:11 of 3rd period - Slapshot by Jeremy Welsh.
14:11 of 3rd period - Stopped by Jeremy Duchesne with a rebound.
14:13 of 3rd period - Wrist shot by Mark McNeill.
14:13 of 3rd period - Shot Misses the Net.
14:15 of 3rd period - Slapshot by Ryan Pulock.
14:15 of 3rd period - Stopped by Jeremy Duchesne without a rebound.
14:16 of 3rd period - Markus Granlund wins face-off versus Charlie Coyle in Influenza zone.
14:17 of 3rd period - Wrist shot by Blake Geoffrion.
14:17 of 3rd period - Shot Misses the Net.
14:25 of 3rd period - Snap shot by Charlie Coyle.
14:25 of 3rd period - Shot Misses the Net.
14:27 of 3rd period - Slapshot by Mathieu Carle.
14:27 of 3rd period - Shot Blocked by Blake Geoffrion.
14:41 of 3rd period - Anthony Mantha is hit by Jeremy Welsh and loses puck.
15:10 of 3rd period - Zac Dalpe is hit by Elias Lindholm and loses puck.
15:32 of 3rd period - Paul Ladue is hit by Hunter Shinkaruk and loses puck.
15:58 of 3rd period - Minor Penalty to Anton Gustafsson for Interference.
15:59 of 3rd period - Jake Guentzel wins face-off versus Mark McNeill in Carnivores zone.
16:25 of 3rd period - Nicolas Kerdiles is hit by Andre Burakovsky and loses puck.
16:52 of 3rd period - Slapshot by David Fischer.
16:52 of 3rd period - Goal by David Fischer - Influenza : 5 - Carnivores : 3.
16:53 of 3rd period - Mark McNeill wins face-off versus Jake Guentzel in neutral zone.
16:57 of 3rd period - Off-side.
16:58 of 3rd period - Jake Guentzel wins face-off versus Markus Granlund in neutral zone.
17:58 of 3rd period - Penalty to Anton Gustafsson is over, Anton Gustafsson is back on ice.
18:26 of 3rd period - Tim Erixon is hit by Markus Granlund and loses puck.
18:55 of 3rd period - Snap shot by Mat Clark.
18:55 of 3rd period - Shot Blocked by Dmitry Sinitsyn.
18:57 of 3rd period - Wrist shot by Nikita Alexeev.
18:57 of 3rd period - Goal by Nikita Alexeev - Influenza : 5 - Carnivores : 4.
18:58 of 3rd period - Anton Gustafsson wins face-off versus Charlie Coyle in neutral zone.
19:01 of 3rd period - Carnivores, Anders Lindback is pulled from the net.
19:23 of 3rd period - Snap shot by Jimmy Vesey.
19:23 of 3rd period - Goal by Jimmy Vesey - Influenza : 6 - Carnivores : 4.
19:23 of 3rd period - Anders Lindback from Carnivores was sent back in the game.
19:24 of 3rd period - Elias Lindholm wins face-off versus Zac Dalpe in neutral zone.
19:44 of 3rd period - Minor Penalty to Andre Burakovsky for Goalie Interference.
19:45 of 3rd period - Charlie Coyle wins face-off versus Markus Granlund in Influenza zone.
Goals for this period are 3 for Influenza vs 2 for Carnivores.
Shots for this period are 12 for Influenza vs 9 for Carnivores.
Back to the Top